 Dungeon Sprint DCSS version 0.29-a0-359-g541a27f54d (webtiles) character file.

Game seed: 17334021551423902430

30 Zeldest the Skirmisher (level 3, 33/45 HPs)
             Began as a Demonspawn Monk on Apr 28, 2022.
             Quit the game in the Dungeon (Sprint IX: "|||||||||||||||||||||||||||||").
             The game lasted 00:00:17 (45 turns).

Zeldest the Skirmisher (Demonspawn Monk)              Turns: 45, Time: 00:00:18

Health: 33/45      AC:  2    Str: 13    XL:     3   Next: 5%
Magic:  3/3        EV: 13    Int: 11    God:
Gold:   0          SH:  0    Dex: 15    Spells: 2/2 levels left

rFire   . . .      SeeInvis .     - Unarmed
rCold   . . .      Faith    .   (no shield)
rNeg    . . .      Spirit   .   a - +0 robe
rPois   .          Reflect  .   (helmet restricted)
rElec   .          Harm     .   (no cloak)
rCorr   .          Rampage  .   (no gloves)
Will    .....      NoTele   +   (no boots)
Stlth   ..........              (no amulet)
HPRegen 0.15/turn               (no ring)
MPRegen 0.08/turn               (no ring)

@: berserking, very quick
A: horns 1
a: no special abilities


You were in the Dungeon.
You visited 1 branch

Inventory:

Armour
 a - a +0 robe (worn)
Scrolls
 h - a scroll of blinking
Potions
 b - a potion of ambrosia
 d - a potion of heal wounds
 e - a potion of haste
 f - 2 potions of magic


   Skills:
 + Level 4.2 Fighting
 + Level 3.8 Dodging
 + Level 3.4 Stealth
 + Level 3.8 Unarmed Combat


You had 2 spell levels left.
You didn't know any spells.
Your spell library was empty.

Dungeon Overview and Level Annotations

Branches:
Dungeon (1/1)

Altars:


Innate Abilities, Weirdness & Mutations

You have a pair of small horns on your head.


Message History

You miss the quokka.
The quokka is moderately wounded.
The quokka closely misses you. x2
You miss the quokka.
The quokka is lightly wounded.
The quokka misses you.
You miss the quokka.
The quokka is lightly wounded.
The quokka bites you.
You hit the quokka.
The quokka is severely wounded.
The quokka barely misses you.
You hit the quokka.
You kill the quokka!
You hit the rat.
You kill the rat!
Items here: ( ) ††.
You feel better.
Okay, then.
You open the door.
An iguana, an orc, an orc wizard and 2 adders come into view.
The iguana hisses angrily.
The orc shouts!
The adder hisses angrily.
The orc wizard shouts!
The adder hisses angrily.
A red film seems to cover your vision as you go berserk!
You feel yourself moving faster!
You feel mighty! The iguana barely misses you.
You hit the iguana.
The iguana is lightly wounded.
The iguana misses you.
You punch the iguana!
You kill the iguana!
Your Fighting skill increases to level 4!
Your Stealth skill increases to level 3!
You have reached level 2!
Your demonic ancestry asserts itself...
A pair of horns grows on your head!
You have reached level 3!
Your experience leads to an increase in your attributes!
Increase (S)trength, (I)ntelligence, or (D)exterity?
You feel stronger. x2
Are you sure you want to abandon this character and quit the game? (Confirm with "yes".)

▓.▓
▓.▓
▓.▓
▓'▓
▓)▓
▓.▓
▓.▓
▓.▓
▓@▓
▓'▓
▓o▓
▓S▓
▓o▓
▓S▓
▓.▓
▓+▓


You could see an orc wizard, 2 adders and an orc.

Vanquished Creatures
  An iguana (D)
  An endoplasm (D)
  A kobold (D)
  A quokka (D)
  A frilled lizard (D)
  A rat (D)
6 creatures vanquished.

Notes
Turn   | Place    | Note
-------+----------+-------------------------------------------
     0 | D        | Zeldest the Demonspawn Monk began the quest for the Orb.
     0 | D        | Reached XP level 1. HP: 18/18 MP: 1/1
    41 | D        | Noticed an iguana
    41 | D        | Noticed an orc wizard
    44 | D        | Killed an iguana
    45 | D        | Reached skill level 4 in Fighting
    45 | D        | Gained mutation: You have a pair of small horns on your
                  | head. [demonic ancestry]
    45 | D        | Reached XP level 2. HP: 25/25 MP: 2/2
    45 | D        | Reached XP level 3. HP: 30/30 MP: 3/3
    45 | D        | Quit the game

Illustrated notes

Levels and vault maps discovered:
D:        linesprint [early_d, line_temple, items_1, d_10, items_2, lair_1,
          lair_end, items_3, orc_1, orc_end, items_4, d_15, swamp_1, shoals_1,
          snake_1, spider_1, d_20, vaults_1, items_5, swamp_end, shoals_end,
          snake_end, spider_end, vaults_end, d_27, items_6, zot_1, zot_end,
          crypt_end, forest_end, elf_end, slime_end, tomb_end, abyss_end,
          pan_hell_end]

Skill      XL: |  1 |
---------------+----+-----
Stealth        | 3 |  3.4
Dodging        | 3 |  3.8
Unarmed Combat | 3 |  3.8
Fighting       | 4 |  4.2

Action                   || total
-------------------------++-------
Melee: Unarmed           ||    32
  Use: Potion            ||     2
 Stab: Sleeping          ||     1
Armor: Robe              ||     2
Dodge: Dodged            ||    20

Table legend: (Time is in decaauts)
 A = Elapsed time spent in this place.
 B = Non-inter-level travel time spent in this place.
 C = Inter-level travel time spent in this place.
 D = Time resting spent in this place.
 E = Time spent auto-exploring this place.
 F = Levels seen in this place.
 G = Mean time per level.
                   A        B        C        D        E       F      G
               +--------+--------+--------+--------+--------+-----+--------+
         Total |     42 |     42 |      0 |      0 |      0 |   1 |   42.0 |
       Dungeon |     42 |     42 |      0 |      0 |      0 |   1 |   42.0 |
               +--------+--------+--------+--------+--------+-----+--------+

Top non-repeatable levels by time:
       D: 42 daAuts
